Map: 울레나

Players

speaknow (ByuN) - Winner!

  • Race: Terran Terran
  • League: Platinum

Guru

  • Race: Zerg Zerg

Event: Gauntlet LotV Series 1 Qualifier 1

VOD

Have the link to the VOD?

Description

Time

  • Played on: Nov. 22, 2015, 3:56 p.m.
  • Length: 6:03
Show
View Real Time Build Order
Export as new Build Order

speaknow Terran - Winner!

Build Orders: Reaper Expand, Banshee Rush 

Get SALT Encoding   

  12  0:00  SCV  
  13  0:13  SCV  
  14  0:17  Supply Depot  
  14  0:25  SCV  
  15  0:39  SCV  
  15  0:40  Barracks  
  16  0:44  Refinery  
  16  0:51  SCV  
  17  1:03  SCV  
  18  1:15  SCV  
  19  1:27  Orbital Command  
  19  1:28  Reaper  
  20  1:41  Command Center  
  20  1:49  Supply Depot  
  20  1:54  SCV  
  20  2:01  Marine  
  22  2:07  Factory  
  22  2:09  SCV  
  23  2:22  Refinery  
  23  2:24  Barracks Reactor  
  23  2:30  SCV  
  24  2:43  SCV  
  25  2:53  Starport  
  25  2:54  Orbital Command  
  25  2:55  SCV  
  26  2:59  Factory Tech Lab, Bunker  
  26  3:00  Marine x2  
  28  3:07  SCV  
  29  3:18  Marine x2  
  32  3:22  SCV x2  
  33  3:31  Supply Depot  
  33  3:32  Factory Tech Lab  
  33  3:36  SCV x2, Marine x2  
  37  3:42  Banshee  
  37  3:43  Cloaking Field  
  40  3:48  SCV  
  40  3:53  SCV  
  42  3:56  Marine  
  42  4:00  SCV  
  42  4:02  Siege Tank  
  47  4:07  SCV  
  48  4:12  SCV  
  48  4:15  Marine x2  
  50  4:25  Banshee  
  53  4:33  Marine x2  
  54  4:45  SCV x2  
  54  4:50  Refinery, Marine x2  
  57  4:58  Siege Tank  
  61  5:00  SCV x2  
  62  5:08  Barracks  
  62  5:09  Barracks  
  62  5:24  Marine x2  
  62  5:25  SCV x2, Supply Depot  
  69  5:33  Engineering Bay  
  69  5:37  SCV  
  70  5:47  SCV  
  70  5:50  SCV  
  70  5:56  Barracks Tech Lab x2  
Show
View Real Time Build Order
Export as new Build Order

Guru Zerg 

Build Orders: Hatch First 

Get SALT Encoding   

  12  0:01  Drone  
  13  0:13  Overlord  
  13  0:18  Drone  
  14  0:31  Drone  
  14  0:32  Drone  
  17  0:35  Drone  
  17  0:53  Hatchery  
  17  0:56  Drone  
  17  1:10  Spawning Pool  
  16  1:12  Extractor  
  16  1:14  Drone  
  16  1:18  Drone  
  16  1:23  Drone  
  18  1:29  Drone  
  19  1:39  Overlord  
  19  1:57  Queen  
  19  1:59  Zergling x2  
  22  2:05  Queen  
  22  2:06  Drone  
  22  2:07  Drone  
  26  2:13  Drone  
  27  2:21  Roach Warren  
  27  2:22  Drone  
  27  2:26  Drone x2  
  28  2:33  Extractor  
  27  2:37  Spore Crawler  
  27  2:44  Overlord  
  28  3:01  Roach x4  
  28  3:02  Roach  
  28  3:05  Extractor  
  37  3:06  Roach  
  39  3:13  Roach x2  
  39  3:15  Overlord  
  39  3:17  Drone  
  44  3:26  Extractor  
  43  3:29  Overlord  
  43  3:30  Drone  
  44  3:34  Drone  
  44  3:35  Drone  
  44  3:37  Ravager  
  44  3:40  Ravager  
  48  3:42  Drone x2  
  47  3:56  Drone  
  47  4:01  Ravager  
  47  4:02  Ravager  
  50  4:03  Drone x4  
  50  4:09  Drone x3  
  57  4:16  Drone x3  
  60  4:21  Burrow  
  60  4:34  Baneling Nest  
  60  4:37  Drone  
  54  4:40  Drone x3  
  54  4:42  Drone  
  54  4:44  Drone  
Tags
 
Add a new tag
Caveats
  • Supply blocks, unpowered buildings, or Contaminate may cause inaccurate times.
  • Supply counts are checked every 10 seconds.